 Dungeon Crawl Stone Soup version 0.29.0-4-gdea44cf6ec (webtiles) character file.

Game seed: 16273840105063081726

11 qw the Firebug (level 2, 0/23 HPs)
             Began as a Ghoul Fire Elementalist on Aug 29, 2022.
             Slain by a jackal (3 damage)
             ... on level 1 of the Dungeon.
             The game lasted 00:00:26 (816 turns).

qw the Firebug (Ghoul Fire Elementalist)             Turns: 816, Time: 00:00:27

Health: 0/23       AC:  2    Str: 11    XL:     2   Next: 29%
Magic:  3/3        EV: 12    Int: 10    God:
Gold:   0          SH:  0    Dex:  9    Spells: 3/4 levels left

rFire   . . .      SeeInvis .     - Unarmed
rCold   + . .      Faith    .   (no shield)
rNeg    + + +      Spirit   .   a - +0 robe
rPois   inf        Reflect  .   (no helmet)
rElec   .          Harm     .   (no cloak)
rCorr   .          Rampage  .   (no gloves)
Will    .....                   (no boots)
Stlth   ++........              (no amulet)
HPRegen 0.00/turn               (no ring)
MPRegen 0.08/turn               (no ring)

@: inhibited regen
A: claws 1, cold resistance 1, negative energy resistance 3, inhibited
regeneration, torment resistance 2, devour on kill
a: no special abilities


You were on level 1 of the Dungeon.
You visited 1 branch of the dungeon, and saw 1 of its levels.


Innate Abilities, Weirdness & Mutations

You are immune to poison.
You have sharp fingernails.
Your flesh is cold resistant. (rC+)
You are immune to negative energy. (rN+++)
You do not regenerate when monsters are visible.
You are immune to unholy pain and torment.
You thrive by killing the living.


   Skills:
 - Level 1.0 Fighting
 - Level 1.7 Dodging
 - Level 2.1 Stealth
 + Level 1.6 Unarmed Combat
 - Level 1.7 Spellcasting
 - Level 0.7 Conjurations
 - Level 2.4 Fire Magic


You had 3 spell levels left.
You knew the following spells:

 Your Spells              Type           Power      Damage    Failure   Level
a - Foxfire               Conj/Fire      16%        2x1d4     17%         1

Your spell library contained the following spells:

 Spells                   Type           Power      Damage    Failure   Level
 Scorch                   Fire           10%        2d6       19%         2
 Conjure Flame            Conj/Fire      4%         6-21      45%         3
 Inner Flame              Hex/Fire       3%         N/A       52%         3
 Flame Wave               Conj/Fire      4%         2d5       86%         4

Inventory:

Armour
 a - a +0 robe (worn)
 c - a +0 leather armour
 f - a +0 ring mail
Jewellery
 e - a ring of protection from fire
Scrolls
 d - a scroll of magic mapping {unknown}
Potions
 b - a potion of magic

Dungeon Overview and Level Annotations

Branches:
Dungeon (1/15)

Altars:


Message History

You start resting.
HP restored.
Things that are here:
a +0 dagger; a +0 club; a goblin corpse You open the door.
Found a book of Conjurations.
Enter note: A goblin comes into view. It is wielding a +0 club.
The goblin shouts!
You hear a bark!
You hear an angry hiss.
The goblin shouts!
The goblin drinks a potion.
The goblin seems to speed up.
A jackal comes into view.
A quokka comes into view.
The goblin hits you with a +0 club.
You scratch the goblin.
The goblin is moderately wounded.
The goblin hits you with a +0 club.
A jackal comes into view.
809 ||| Stepping ~*~*~tactically~*~*~ (outnumbered).
The goblin attacks as you move away! The goblin hits you but does no damage.
The goblin hits you with a +0 club. x2
810 ||| Stepping ~*~*~tactically~*~*~ (outnumbered).
The goblin attacks as you move away! The goblin hits you with a +0 club.
A ball python comes into view.
811 ||| Stepping ~*~*~tactically~*~*~ (outnumbered).
The goblin attacks as you move away! The goblin hits you with a +0 club.
The goblin hits you with a +0 club.
812 ||| Stepping ~*~*~tactically~*~*~ (outnumbered).
A jackal comes into view.
You scratch the goblin.
You kill the goblin!
You claw the goblin!
You kill the goblin!
You feel better.
A jackal comes into view.
You barely miss the jackal. The jackal bites you.
The jackal bites you but does no damage.
You closely miss the jackal. The jackal bites you.
You die...

.####.# .......#####
~~~.......h
..¤¤¤~~~......
...~¤¤~¤~.....
..¤¤¤¤~~....## #
..¤~¤~......##
#+#......#..#.r#######
>.#.........#hSh@:...#
#+#..........#.#####.#
##....#####..#..#
...#...#.##..#..#
#####..#.##..#..# #
#..#........#### # #
#..#...........# .# #
#..#......###..###.##
#
#..#......'.#.......#


You could see a quokka, 2 jackals and a ball python.

Vanquished Creatures
  A dart slug (D:1)
  An endoplasm (D:1)
  3 kobolds (D:1)
  A bat (D:1)
  3 goblins (D:1)
  A rat (D:1)
10 creatures vanquished.

Notes
Turn   | Place    | Note
-------+----------+-------------------------------------------
     0 | D:1      | qw the Ghoul Fire Elementalist began the quest for the Orb.
     0 | D:1      | Reached XP level 1. HP: 14/14 MP: 2/2
     0 | D:1      | 0 ||| qw: Version: 0.1-a-90-g952f4b7
     0 | D:1      | 0 ||| qw: Game counter: 3808
     0 | D:1      | 0 ||| qw: Always use a shield: true
     0 | D:1      | 0 ||| qw: God list: Okawaru
     0 | D:1      | 0 ||| qw: Allow faded altars: false
     0 | D:1      | 0 ||| qw: Do Orc after D:15 true
     0 | D:1      | 0 ||| qw: Do second Lair branch before Depths: true
     0 | D:1      | 0 ||| qw: Lair rune preference: random
     0 | D:1      | 0 ||| qw: Plans: Normal
     0 | D:1      | 0 ||| PLANNING D:1-11
    85 | D:1      | 85 ||| Stepping ~*~*~tactically~*~*~ (hiding).
    91 | D:1      | Reached skill level 1 in Unarmed Combat
   198 | D:1      | 198 ||| Stepping ~*~*~tactically~*~*~ (hiding).
   300 | D:1      | 300 ||| Stepping ~*~*~tactically~*~*~ (hiding).
   308 | D:1      | HP: 3/14 [dart slug/slug dart (4)]
   310 | D:1      | Reached XP level 2. HP: 8/22 MP: 3/3
   582 | D:1      | 582 ||| Stepping ~*~*~tactically~*~*~ (stealth).
   585 | D:1      | Reached skill level 1 in Fighting
   809 | D:1      | 809 ||| Stepping ~*~*~tactically~*~*~ (outnumbered).
   810 | D:1      | 810 ||| Stepping ~*~*~tactically~*~*~ (outnumbered).
   811 | D:1      | 811 ||| Stepping ~*~*~tactically~*~*~ (outnumbered).
   811 | D:1      | HP: 3/23 [goblin/+0 club (3)]
   812 | D:1      | 812 ||| Stepping ~*~*~tactically~*~*~ (outnumbered).
   816 | D:1      | Slain by a jackal

Levels and vault maps discovered:
D:1:      dpeg_arrival_pits, layout_basic

Skill      XL: |  1  2 |
---------------+-------+-----
Unarmed Combat | 1 |  1.6
Fighting       | 1 |  1.0
Dodging        | |  1.7
Stealth        | |  2.1
Spellcasting   | |  1.7
Conjurations   | |  0.7
Fire Magic     | |  2.4

Action                   || total
-------------------------++-------
Melee: Unarmed           ||    35
Armor: Robe              ||     4
Dodge: Dodged            ||    10

Table legend:
 A = Non-vault XP
 B = Vault XP
 C = Vault XP percentage of total XP
 D = Non-vault monster count
 E = Vault monster count
 F = Vault count percentage of total count
                 A         B        C        D         E       F
            +---------+---------+-------+---------+---------+-------
      Total |      17 |       0 |   0.0 |      10 |       0 |   0.0
            +---------+---------+-------+---------+---------+-------
        D:1 |      17 |       0 |   0.0 |      10 |       0 |   0.0
            +---------+---------+-------+---------+---------+-------
